Unix NetHack Version 5.0.0-0 post-release - last build Jun 10 2026 00:39:30 (3ee93aec679c4c4259841fe613dc97188e26a321,branch:main).

Game began 2026-06-30 07:34:45, ended 2026-06-30 08:34:56.

FutureTim, lawful female human Valkyrie

                                                      ---------         -----
                                                     --.......------  ---..<|
                                                     |..--.........|---[....|
                                                     |..|---------.|....|..--
                                                     ----     ----.....--
                                                    -----  ---|...[.....
                                                    -...----..|....|.--
                                                 ---.....|....|..-----
                                                 .............|..|  ----
                                                .......---......--   (%
                                     ----       ...|...      ...|    @.
                                     -..|      ...-----       ---    |
                           .        |...--   |...--          --...---
                                   .|....-|......-        -..|........
                                   ........-..---...---................
                                   ...G...|................---....{.[..
                                   .........---------.--+--    ...@.@..
                                   -.......--                  .......
                                   ---...---                    ---..

FutureTim the Fighter       St:18/02 Dx:12 Co:18 In:8 Wi:8 Ch:10  Lawful
Dlvl:6  $:2  HP:69(69) Pw:25(25) AC:-1 Xp:7 T:2572  Satiated

Latest messages:
 You kill the wolf!
 There is a wolf corpse here; eat it? [ynq] (n) y
 This wolf corpse is stringy.
 You finish eating the wolf corpse.
 z - a golden potion.
 You miss the wolf.
 The wolf misses!
 You hit the wolf!
 The wolf misses!
 You hit the wolf!
 The wolf bites!
 You kill the wolf!
 You see here a wolf corpse.
 There is a wolf corpse here; eat it? [ynq] (n) y
 This wolf corpse tastes terrible!
 You finish eating the wolf corpse.
 You hear crashing rock.
 You hear water falling on coins.
 You hear someone beseeching Odin.
 You swap places with the peaceful watchman.
 You miss the killer bee.
 The killer bee misses!
 You hit the killer bee!
 The killer bee misses!
 You miss the killer bee.
 The killer bee stings!
 The killer bee misses!
 You kill the killer bee!
 You are carrying too much to get through.
 You are carrying too much to get through.
 You are carrying too much to get through.
 What do you want to use or apply? [ekopuw or ?*] <enter>
 Never mind.
 What do you want to use or apply? [ekopuw or ?*] p
 You cannot swing a two-handed weapon while wearing a shield.
 What do you want to use or apply? [ekopuw or ?*] p
 You cannot swing a two-handed weapon while wearing a shield.
 You hear crashing rock.
 You hit the wood nymph!
 The wood nymph wakes up!
 The wood nymph screams!
 The wood nymph stole a smoky potion.
 The wood nymph vanishes!
 #quiot: unknown extended command.
 Showing known terrain only...
 (For instructions type a '?')
 Move cursor to anything of interest:
 Done.
 Really quit without saving? [yn] (n) y
 Do you want your possessions identified? [ynq] (y) q

Inventory:
 Coins    ('$')
  $ - 2 gold pieces
 Weapons  (')')
  b - a +0 dagger (alternate weapon; not wielded)
  a - a +1 spear (weapon in right hand)
  p - a +3 dwarvish mattock
 Armor    ('[')
  h - a cursed +0 orcish helm (being worn)
  l - an uncursed +0 pair of elven boots (being worn)
  c - an uncursed +3 small shield (being worn)
  v - an uncursed +0 cloak of invisibility (being worn)
  g - an uncursed +0 scale mail (being worn)
 Comestibles  ('%')
  m - an uncursed cram ration
  f - an uncursed food ration
  i - 2 uncursed tins of candied newt meat
  x - 2 uncursed tins of szechuan gecko meat
 Potions  ('!')
  j - an uncursed potion of fruit juice
  z - an uncursed potion of levitation
  t - an uncursed potion of sickness
  y - an uncursed potion of sleeping
  r - 3 uncursed potions of water
  s - an uncursed potion of water
 Wands    ('/')
  e - a wand of light (0:10)
  u - a wand of polymorph (0:6)
 Tools    ('(')
  w - an empty uncursed bag of holding
  o - an uncursed blindfold
  k - an uncursed skeleton key
 Gems/Stones  ('*')
  q - an uncursed worthless piece of black glass

FutureTim the Valkyrie's attributes:

Background:
 You were a Fighter, a level 7 human Valkyrie.
 You were lawful, nominally on a mission for Tyr
 who was opposed by Odin (neutral) and Loki (chaotic).
 You were right-handed.
 You were in the Gnomish Mines, on level 6.
 You entered the dungeon 2572 turns ago.
 There was a full moon in effect when your adventure ended.
 You had 765 experience points, 515 more were needed to attain level 8.

Basics:
 You had all 69 hit points.
 You had all 25 energy points (spell power).
 Your armor class was -1.
 Your wallet contained 2 zorkmids.
 Autopickup was off.

Final Characteristics:
 Your strength was 18/02 (limit:18/100).
 Your dexterity was 12 (limit:18).
 Your constitution was 18 (limit:18).
 Your intelligence was 8 (limit:18).
 Your wisdom was 8 (limit:18).
 Your charisma was 10 (limit:18).

Final Status:
 You were satiated.
 You were unencumbered.
 You were wielding a spear.
 You were skilled in spear.

Final Attributes:
 You were piously aligned.
 You were cold resistant.
 You were invisible.
 You were stealthy.
 You were warded.
 You were fast.
 You were lucky.
 You survived.

Miscellaneous:
 You encountered 1 bones level.
 Total elapsed playing time was 54 minutes and 42 seconds.

Major events:
 Turn
    1: FutureTim the lawful human Valkyrie entered the dungeon
   75: performed her first genocide (displacer beasts)
  782: attained the rank of Skirmisher (level 3)
 1255: attained the rank of Fighter (level 6)
 1617: entered the Gnomish Mines
 2415: reached Mine Town
 2572: quit

You didn't know any spells.

Skills:
 Fighting Skills
   bare handed combat [Unskilled]
   two weapon combat  [Unskilled]
   riding             [Unskilled]
 Weapon Skills
   dagger             [Basic]
   axe                [Unskilled]
   pick-axe           [Unskilled]
   short sword        [Unskilled]
   broadsword         [Unskilled]
   long sword         [Unskilled]
   two-handed sword   [Unskilled]
   saber              [Unskilled]
   hammer             [Unskilled]
   quarterstaff       [Unskilled]
   polearms           [Unskilled]
   spear              [Skilled]
   trident            [Unskilled]
   lance              [Unskilled]
   sling              [Unskilled]
 Spellcasting Skills
   attack spells      [Unskilled]
   escape spells      [Unskilled]

Voluntary challenges:
 Character rerolling was not enabled.
 You were an atheist.
 You genocided 1 type of monster.
 You never polymorphed an object.
 You never changed form.
 You used no wishes.
Achievements:
 You attained the rank of Skirmisher.
 You entered a shop.
 You attained the rank of Fighter.
 You entered the Gnomish Mines.
 You entered Minetown.

 The Dungeons of Doom: levels 1 to 3
    Level 1:
    Level 2:
       A fountain.
    Level 3:
       A potion shop.
       Stairs down to The Gnomish Mines.
 The Gnomish Mines: levels 4 to 6
    Level 4:
    Level 5:
    Level 6: <- You were here.
       A fountain.
       Final resting place for
          ThermoNuclear-Wiz-Elf-Fem-Cha, killed by a gray unicorn.


Vanquished creatures:
  a large mimic
  7 small mimics
  3 wolves
  2 rock moles
  a fog cloud
  a gnome leader
  2 elf zombies
  2 little dogs
  a kitten
  3 orc zombies
  3 iguanas
  a killer bee
  2 coyotes
  2 gas spores
  3 manes
  a giant rat
  a yellow mold
 17 gnomes
  a gecko
  5 jackals
  a fox
  a kobold
  4 goblins
  a sewer rat
  2 grid bugs
  4 lichens
  a kobold zombie
  2 newts
75 creatures vanquished.

Genocided species:
 displacer beasts
1 species genocided.

Farvel FutureTim the Valkyrie...

You quit in The Gnomish Mines on dungeon level 6 with 3362 points,
and 2 pieces of gold, after 2572 moves.
You were level 7 with a maximum of 69 hit points when you quit.

